 Dungeon Crawl Stone Soup version 0.19.1 (webtiles) character file.

565 Melicamp the Ruffian (level 7, -2/57 HPs)
             Began as a Naga Transmuter on Dec 1, 2016.
             Slain by an ice beast (8 damage)
             ... on level 4 of the Dungeon.
             The game lasted 00:22:01 (6273 turns).

Melicamp the Ruffian (Naga Transmuter)              Turns: 6273, Time: 00:22:02

Health: -2/57      AC:  4    Str: 14    XL:     7   Next: 32%
Magic:  7/10       EV: 10    Int: 14    God:
Gold:   199        SH:  0    Dex: 11    Spells: 3 memorised, 4 levels left

rFire  . . .     SeeInvis +       - Unarmed
rCold  . . .     Gourm    .     b - +1 robe
rNeg   . . .     Faith    .     (no shield)
rPois  +         Spirit   .     (no helmet)
rElec  .         Reflect  .     (no cloak)
rCorr  .         Harm     .     (no gloves)
MR     .....                    (no barding)
Stlth  +.........               (no amulet)
                                (no ring)
                                (no ring)

@: appendage, very slow
A: horns 2, see invisible, deformed body, poison resistance, slowness 2, slow
metabolism 1, spit poison 1, AC +2
a: Spit Poison, End Transformation


You were on level 4 of the Dungeon.
You were not hungry.
You had grown temporary horns.
You visited 1 branch of the dungeon, and saw 5 of its levels.

You collected 199 gold pieces.

Inventory:

Missiles
 a - 66 arrows (quivered)
Armour
 b - a +1 robe (worn)
 u - a +2 buckler
Jewellery
 e - an uncursed amulet of rage {unknown}
 g - a cursed ring of loudness {unknown}
Wands
 o - a wand of random effects (25/48)
 q - a wand of disintegration (21/24)
 r - a wand of random effects (26/48)
Scrolls
 k - a scroll of amnesia
 l - a scroll of enchant armour
 v - a scroll of identify
Potions
 h - 2 potions of curing
 i - 3 potions of brilliance
 j - a potion of cancellation
 m - a potion of heal wounds {unknown}
 n - a potion of invisibility {unknown}
 t - a potion of agility {unknown}
Books
 c - a book of Changes

   Spells                             Type                      Level
   a - Beastly Appendage              Transmutation                1
   b - Sticks to Snakes               Transmutation                2
   c - Spider Form                    Transmutation/Poison         3
   d - Ice Form                       Ice/Transmutation            4
   e - Blade Hands                    Transmutation                5
 s - a book of Misfortune

   Spells                             Type                      Level
   a - Confusing Touch                Hexes                        1
   b - Confuse                        Hexes                        3
   c - Gell's Gravitas                Hexes/Translocation          3
   d - Petrify                        Transmutation/Earth          4
   e - Metabolic Englaciation         Hexes/Ice                    5
   f - Yara's Violent Unravelling     Hexes/Transmutation          5
Comestibles
 d - 3 bread rations
 f - 3 meat rations
 p - a fruit
 w - a slice of pizza
 x - 2 chunks of flesh


   Skills:
 - Level 1.0 Fighting
 - Level 1.5 Dodging
 - Level 6.0 Unarmed Combat
 + Level 2.3 Spellcasting
 * Level 5.6 Transmutations


You had 4 spell levels left.
You knew the following spells:

 Your Spells              Type           Power        Failure   Level  Hunger
a - Beastly Appendage     Tmut           ###...       2%          1    #......
b - Sticks to Snakes      Tmut           ###.....     3%          2    ###....
c - Spider Form           Tmut/Pois      #.........   24%         3    ###....


Dungeon Overview and Level Annotations

Branches:
Dungeon (5/15)
 Temple: D:4-7

Altars:
Kikubaaqudgha
Nemelex Xobeh


Innate Abilities, Weirdness & Mutations

You cannot wear boots.
Your serpentine skin is tough. (AC +2)
You have supernaturally acute eyesight. (SInv)
Armour fits poorly on your strangely shaped body.
Your system is resistant to poisons. (rPois)
You cover ground very slowly.
You have a slow metabolism.
You can spit poison.
You have a pair of horns on your head.


Message History

The ice beast is severely wounded.
The ice beast hits you. The ice beast freezes you!
* * * LOW HITPOINT WARNING * * *
Your adder closely misses the ice beast.
You barely miss the ice beast.
The ice beast is severely wounded.
The ice beast hits you.
* * * LOW HITPOINT WARNING * * *
The ice beast freezes you.
* * * LOW HITPOINT WARNING * * *
Your adder bites the ice beast.
Your adder bites the ice beast.
The ice beast barely misses you.
You climb upwards.
There is a stone staircase leading down, spattered with blood here.
Casting: Beastly Appendage
Confirm with . or Enter, or press ? or * to list all spells.
You create a snake!
You now have 66 arrows.
The ice beast hits you.
* * * LOW HITPOINT WARNING * * *
The ice beast freezes you!
You die...

#...........................#
#######+#.......###............#
...# #.#.......###............#
...# #..####..................#
...# ##..........#............#
...# #..........##############
...# ##.........#
...######.....#############
.....#<.##...##S@#........#
######...#...#.Y.#........#
###..##..#...#'.##........#
#.....###.....###.........#
#.#.#..................^..#
...........8..............#
...##.....................#
##.######.....#######.#####
...####.'#...#'.#####.#


You could see an ice beast and a friendly ball python.

Vanquished Creatures
  A phantom (D:3)
  2 scorpions
  An orc priest (D:3)
  A hound (D:4)
  An orc wizard (D:3)
  Terence (D:3)
  2 worker ants (D:4)
  A hound zombie (D:4)
  9 adders
  An ooze (D:4)
  An adder skeleton (D:4)
  A worm (D:4)
  2 dart slugs
  4 leopard geckos
  7 orcs (D:3)
  4 bats
  4 giant cockroaches
  7 goblins
  7 hobgoblins
  8 jackals
  2 quokkas
  A ball python (D:3)
  4 frilled lizards
  7 kobolds
  9 rats
88 creatures vanquished.

Vanquished Creatures (collateral kills)
  An ogre (D:3)
  An adder (D:2)
  An orc (D:3)
  A goblin (D:3)
  A frilled lizard (D:2)
5 creatures vanquished.

Grand Total: 93 creatures vanquished

Notes
Turn   | Place    | Note
-------+----------+-------------------------------------------
     0 | D:1      | Melicamp the Naga Transmuter began the quest for the Orb.
     0 | D:1      | Reached XP level 1. HP: 18/18 MP: 3/3
   170 | D:1      | Reached XP level 2. HP: 16/25 MP: 5/5
   842 | D:1      | Learned a level 2 spell: Sticks to Snakes
   871 | D:1      | Reached skill level 4 in Unarmed Combat
  1247 | D:1      | Reached XP level 3. HP: 30/31 MP: 4/6
  1811 | D:2      | Reached XP level 4. HP: 11/38 MP: 1/7
  2343 | D:2      | Reached skill level 5 in Unarmed Combat
  3041 | D:3      | Noticed Terence
  3064 | D:3      | Killed Terence
  3064 | D:3      | Reached XP level 5. HP: 27/44 MP: 2/8
  3233 | D:3      | Learned a level 3 spell: Spider Form
  3572 | D:3      | Reached skill level 6 in Unarmed Combat
  3817 | D:3      | Found an ancient bone altar of Kikubaaqudgha.
  3970 | D:3      | You fall through a shaft!
  4241 | D:4      | Noticed a phantom
  4257 | D:3      | Reached XP level 6. HP: 16/51 MP: 4/9
  4696 | D:3      | Killed a phantom
  5210 | D:4      | Reached skill level 5 in Transmutations
  5210 | D:4      | Reached XP level 7. HP: 46/57 MP: 6/10
  5405 | D:4      | Found a sparkling altar of Nemelex Xobeh.
  5918 | D:5      | Entered Level 5 of the Dungeon
  6273 | D:4      | Slain by an ice beast

Skill      XL: |  1  2  3  4  5  6 |
---------------+-------------------+-----
Unarmed Combat | 4 5 6 |  6.0
Transmutations | 3 5 |  5.6
Fighting       | |  1.0
Dodging        | |  1.5
Spellcasting   | |  2.3

Action                   |  1- 3 |  4- 6 |  7- 9 || total
-------------------------+-------+-------+-------++-------
Melee: Unarmed           |   105 |   143 |    81 ||   329
       Headbutt          |     9 |    19 |    10 ||    38
       Punch             |       |     6 |     1 ||     7
 Cast: Beastly Appendage |    18 |    27 |     9 ||    54
       Sticks to Snakes  |     3 |    26 |     6 ||    35
 Abil: Spit Poison       |     3 |       |       ||     3
  Use: Scroll            |     3 |     5 |     1 ||     9
       Potion            |     1 |       |       ||     1
 Stab: Distracted        |       |     1 |       ||     1
  Eat: Chunk             |     2 |     9 |       ||    11
       Bread ration      |       |     1 |       ||     1
       Beef jerky        |       |     1 |       ||     1
Armor: Robe              |    28 |    27 |    13 ||    68
Dodge: Dodged            |    87 |    55 |    41 ||   183
